 Dungeon Crawl Stone Soup version 0.21-a0-273-g0785366 (webtiles) character file.

171 Farsco the Charmwright (level 5, -4/41 HPs)
             Began as a Gnoll Skald on Sept 17, 2017.
             Slain by an orc priest
             ... wielding a +0 mace
              (7 damage)
             ... on level 3 of the Dungeon.
             The game lasted 00:14:16 (2749 turns).

Farsco the Charmwright (Gnoll Skald)                Turns: 2749, Time: 00:14:17

Health: -4/41      AC:  3    Str:  7    XL:     5   Next: 51%
Magic:  11/11      EV: 12    Int:  7    God:
Gold:   111        SH:  0    Dex:  7    Spells: 7/12 levels left

rFire    . . .     SeeInvis .   a - +0 falchion
rCold    . . .     Gourm    .   (no shield)
rNeg     . . .     Faith    .   b - +0 leather armour
rPois    .         Spirit   .   (no helmet)
rElec    .         Reflect  .   (no cloak)
rCorr    .         Harm     .   (no gloves)
MR       .....                  (no boots)
Stlth    +.........             (no amulet)
HPRegen  0.13/turn              (no ring)
MPRegen  0.12/turn              (no ring)

@: no status effects
A: unchanging attributes, fangs 1, strong nose
a: no special abilities


You were on level 3 of the Dungeon.
You were hungry.

You visited 1 branch of the dungeon, and saw 3 of its levels.

You collected 111 gold pieces.

Inventory:

Hand Weapons
 a - a +0 falchion (weapon)
Missiles
 k - 44 stones (quivered)
Armour
 b - a +0 leather armour (worn)
 n - a cursed +0 large shield
Jewellery
 f - an uncursed amulet of guardian spirit
 o - an uncursed ring of protection from fire {unknown}
 p - an uncursed ring of ice {unknown}
 q - an uncursed ring of protection from cold {unknown}
Scrolls
 e - a scroll of amnesia
 l - a scroll of fog
 t - a scroll of enchant weapon {unknown}
Potions
 g - 2 potions of brilliance {unknown}
 j - a potion of magic
 m - a potion of lignification {unknown}
 s - 3 potions of haste {unknown}
Books
 c - a book of Battle

   Spells                             Type                      Level
   a - Infusion                       Charms                       1
   b - Shroud of Golubria             Charms/Translocation         2
   c - Song of Slaying                Charms                       2
   d - Spectral Weapon                Hexes/Charms                 3
   e - Regeneration                   Charms/Necromancy            3
Comestibles
 d - 3 bread rations
 i - a royal jelly
 r - 4 fruits


   Skills:
 * Level 3.5 Fighting
 * Level 4.1 Long Blades
 + Level 1.0 Throwing
 * Level 2.6 Armour
 * Level 3.5 Dodging
 * Level 4.0 Spellcasting
 * Level 5.1 Charms


You had 7 spell levels left.
You knew the following spells:

 Your Spells              Type           Power        Failure   Level  Hunger
a - Infusion              Chrm           #...         5%          1    ##.....
b - Song of Slaying       Chrm           #.......     9%          2    ###....
c - Shroud of Golubria    Chrm/Tloc      #.........   24%         2    ###....


Dungeon Overview and Level Annotations

Branches:
Dungeon (3/15)

Altars:


Innate Abilities, Weirdness & Mutations

Your physical attributes are unchanging.
You have very sharp teeth.
Your uncanny sense of smell can sniff out nearby items.


Message History

You hit the orc priest but do no damage.
The orc priest is lightly wounded.
The orc priest mumbles some strange prayers to Beogh against you.
Beogh smites you!
* * * LOW HITPOINT WARNING * * *
Magic courses through your body. The orc priest closely misses you.
Okay, then.
You hit the orc priest but do no damage.
The orc priest is lightly wounded.
The orc priest hits you with a mace.
* * * LOW HITPOINT WARNING * * *
You closely miss the orc priest.
The orc priest is lightly wounded.
You hear a shout!
The orc priest barely misses you.
You hit the orc priest but do no damage.
Your bite misses the orc priest.
The orc priest is lightly wounded.
The orc priest hits you with a mace!
You die...

# ...........$....
...####.....##..g.
..!..........+ .
#.###.....###
#.###.#...### ∆
#.............
#####.########
#####.####o## #+#
#.....o(o)#@## #.#
#.###.##.###.####.######
#.#.## ##.##......<#
#..# ##.#.......# ###.
#..........### ..
#.###............ #.#.#
#.......##### #.#
#.......# ## #.......#


You could see an orc priest.

Vanquished Creatures
  A scorpion (D:2)
  3 gnolls (D:2)
  3 adders (D:2)
  An ooze (D:2)
  3 worms
  A dart slug (D:1)
  4 leopard geckos
  3 orcs
  2 giant cockroaches
  2 goblins
  5 hobgoblins
  7 kobolds
  A quokka (D:3)
  2 bats
  2 frilled lizards
  7 rats
47 creatures vanquished.

Notes
Turn   | Place    | Note
-------+----------+-------------------------------------------
     0 | D:1      | Farsco the Gnoll Skald began the quest for the Orb.
     0 | D:1      | Reached XP level 1. HP: 17/17 MP: 4/4
   202 | D:1      | Reached XP level 2. HP: 20/23 MP: 3/6
   859 | D:2      | Reached XP level 3. HP: 24/29 MP: 5/7
  1061 | D:2      | Noticed a scorpion
  1086 | D:2      | Killed a scorpion
  1086 | D:2      | Reached XP level 4. HP: 17/35 MP: 4/9
  1407 | D:2      | Reached skill level 5 in Charms
  1842 | D:2      | Reached XP level 5. HP: 39/41 MP: 5/10
  2134 | D:2      | Reached skill level 1 in Throwing
  2632 | D:3      | Learned a level 2 spell: Song of Slaying
  2635 | D:3      | Learned a level 2 spell: Shroud of Golubria
  2749 | D:3      | Slain by an orc priest

Vault maps used:
D:1:      dpeg_arrival_chase, minmay_fountain_box, minmay_pentomino_p2
D:2:      first_bread
D:3:      grunt_ashenzari_visionary, uniq_natasha

Skill      XL: |  1  2  3  4  5 |
---------------+----------------+-----
Fighting       | 3 |  3.5
Long Blades    | 3 4 |  4.1
Dodging        | 3 |  3.5
Armour         | 2 |  2.6
Charms         | 5 |  5.1
Throwing       | 1 |  1.0
Spellcasting   | 4 |  4.0

Action                   |  1- 3 |  4- 6 || total
-------------------------+-------+-------++-------
Melee: Falchion          |    48 |   127 ||   175
       Bite              |     1 |     7 ||     8
Throw: Stone             |    21 |    59 ||    80
 Cast: Infusion          |    13 |    11 ||    24
       Song of Slaying   |       |     1 ||     1
  Use: Scroll            |     6 |     1 ||     7
       Potion            |       |     3 ||     3
  Eat: Chunk             |     1 |     5 ||     6
Armor: Leather armour    |    10 |    14 ||    24
Dodge: Dodged            |    30 |    86 ||   116
       Rpst.: Falchion   |    10 |    29 ||    39

Table legend:
 A = Spawn XP
 B = Non-spawn XP
 C = Spawn XP percentage of total XP
 D = Spawn monster count
 E = Non-spawn monster count
 F = Spawn count percentage of total count
 G = Total turns spent on level
                    A         B        C        D         E        F      G
               +---------+---------+-------+---------+---------+-------+---------
         Total |       0 |     245 |   0.0 |       0 |      47 |   0.0 |  2749
               +---------+---------+-------+---------+---------+-------+---------
           D:1 |       0 |      24 |   0.0 |       0 |      12 |   0.0 |  1296
           D:2 |       0 |     203 |   0.0 |       0 |      29 |   0.0 |  1332
           D:3 |       0 |      18 |   0.0 |       0 |       6 |   0.0 |   121
               +---------+---------+-------+---------+---------+-------+---------
